 Dungeon Crawl Stone Soup version 0.24.0-125-gc4c63601f3 (webtiles) character file.

Game seed: 8214866359739334925, levelgen mode: deterministic

65 Amplified the Skirmisher (level 4, -1/39 HPs)
             Began as a Hill Orc Assassin on Feb 29, 2020.
             Slain by an orc
             ... wielding a +0 mace
              (6 damage)
             ... on level 2 of the Dungeon.
             The game lasted 00:02:30 (1556 turns).

Amplified the Skirmisher (Hill Orc Assassin)        Turns: 1556, Time: 00:02:31

Health: -1/39      AC:  5    Str: 13 (14) XL:     4   Next: 14%
Magic:  0/4        EV: 10    Int:  8 (11) God:
Gold:   52         SH:  0    Dex: 11 (12) Spells: 3/3 levels left

rFire    . . .     SeeInvis .   g - +0 hand axe
rCold    . . .     Gourm    .   (no shield)
rNeg     . . .     Faith    .   i - +0 ring mail
rPois    .         Spirit   +   (no helmet)
rElec    .         Reflect  .   m - scarf {Spirit}
rCorr    .         Harm     .   (no gloves)
MR       .....                  (no boots)
Stlth    ++........             j - amulet of guardian spirit
HPRegen  0.13/turn              (no ring)
MPRegen  0.09/turn              (no ring)

@: no status effects
A: no striking features
a: no special abilities


You were on level 2 of the Dungeon.
You were not hungry.

You visited 1 branch of the dungeon, and saw 2 of its levels.

You collected 52 gold pieces.

Inventory:

Hand Weapons
 a - a +2 dagger
 g - a +0 hand axe (weapon)
Missiles
 d - 2 poisoned darts (quivered)
 e - 2 curare-tipped darts
Armour
 b - a +0 robe
 c - a +0 cloak
 i - a +0 ring mail (worn)
 m - a scarf of spirit shield (worn)
Jewellery
 j - an amulet of guardian spirit (around neck)
Scrolls
 l - a scroll of remove curse
 s - a scroll of enchant weapon {unknown}
Potions
 k - a potion of brilliance
 n - a potion of flight
 p - a potion of resistance
Comestibles
 f - 3 rations
 h - 4 chunks of flesh


   Skills:
 * Level 3.6 Fighting
 - Level 2.0 Short Blades
 * Level 2.5 Axes
 - Level 1.7 Throwing
 * Level 2.1 Armour
 - Level 0.7 Dodging
 - Level 3.2 Stealth


You had 3 spell levels left.
You didn't know any spells.
Your spell library was empty.

Dungeon Overview and Level Annotations

Branches:
Dungeon (2/15)

Altars:
Trog

Annotations:
D:2 Jessica


Message History

The orc wizard is severely wounded.
You hit the orc. The orc wizard casts a spell at you. The magic dart hits you.
* * * LOW HITPOINT WARNING * * *
The orc hits you with a +0 mace.
* * * LOW HITPOINT WARNING * * *
Okay, then.
As you read the scroll labeled YBEGIN KU VADU, it crumbles to dust.
It is a scroll of amnesia.
You feel forgetful for a moment.
The orc wizard casts a spell.
The orc wizard seems to speed up.
The orc closely misses you.
You hit the orc wizard.
You kill the orc wizard!
You feel your strength returning.
Your Armour skill increases to level 2!
You have reached level 4!
You barely miss the orc. The orc hits you with a +0 mace.
You die...

.# ########..
.##........ ........#
#.##...# .#. #
#).....# #....
#####.##.)#...#......
......#(.)...@o._.#
.......(....)##...#
.......<.$#(## .##
.####.#####..# .# #.
...# .. ## .#... ..
#(###.# # # .o


You could see an orc.

Vanquished Creatures
  An orc wizard (D:2)
  3 dart slugs (D:1)
  2 leopard geckos (D:1)
  An orc (D:2)
  4 goblins (D:1)
  4 hobgoblins
  A jackal (D:1)
  3 kobolds
  A quokka (D:2)
  A ball python (D:1)
  4 bats (D:1)
  2 frilled lizards
  3 rats
30 creatures vanquished.

Notes
Turn   | Place    | Note
-------+----------+-------------------------------------------
     0 | D:1      | Amplified the Hill Orc Assassin began the quest for the
                  | Orb.
     0 | D:1      | Reached XP level 1. HP: 18/18 MP: 1/1
   300 | D:1      | Reached skill level 1 in Axes
   300 | D:1      | Reached XP level 2. HP: 25/25 MP: 2/2
   438 | D:1      | Reached skill level 1 in Armour
   814 | D:1      | Reached XP level 3. HP: 20/31 MP: 3/3
  1277 | D:2      | Noticed Jessica
  1375 | D:2      | Found a bloodstained altar of Trog.
  1556 | D:2      | Reached XP level 4. HP: 5/39 MP: 0/4
  1556 | D:2      | Slain by an orc

Levels and vault maps discovered:
D:1:      dpeg_arrival_brainrot, layout_loops_corners, minmay_heptomino_d4
D:2:      layout_loops_ring, trog_three_pillars_becter, uniq_jessica

Skill      XL: |  1  2  3 |
---------------+----------+-----
Axes           | 1 2 |  2.5
Armour         | 1 2 |  2.1
Fighting       | 3 |  3.6
Short Blades   | |  2.0
Throwing       | |  1.7
Dodging        | |  0.7
Stealth        | |  3.2

Action                   |  1- 3 |  4- 6 || total
-------------------------+-------+-------++-------
Melee: Hand axe          |   142 |       ||   142
Throw: Dart              |     6 |       ||     6
  Use: Scroll            |     6 |       ||     6
       Potion            |     4 |       ||     4
 Stab: Sleeping          |     4 |       ||     4
  Eat: Chunk             |     2 |       ||     2
Armor: Ring mail         |    73 |       ||    73
       Robe              |     1 |       ||     1
Dodge: Dodged            |    84 |       ||    84
